 Dungeon Crawl Stone Soup version 0.29.0-4-gdea44cf6ec (webtiles) character file.

Game seed: 17353311091290552421

70 qw the Chopper (level 4, -1/39 HPs)
             Began as a Minotaur Fighter on Sept 8, 2022.
             Slain by a gnoll
             ... wielding a +0 club
              (5 damage)
             ... on level 3 of the Dungeon.
             The game lasted 00:00:41 (1496 turns).

qw the Chopper (Minotaur Fighter)                   Turns: 1496, Time: 00:00:41

Health: -1/39      AC:  6    Str: 22    XL:     4   Next: 4%
Magic:  3/3        EV:  9    Int:  5    God:
Gold:   115        SH:  4    Dex: 10    Spells: 3/3 levels left

rFire   . . .      SeeInvis .   Y - +0 war axe
rCold   . . .      Faith    .   c - +0 buckler
rNeg    . . .      Spirit   .   b - +0 scale mail
rPois   .          Reflect  .   (helmet restricted)
rElec   .          Harm     .   (no cloak)
rCorr   .          Rampage  .   (no gloves)
Will    .....                   (no boots)
Stlth   ..........              (no amulet)
HPRegen 0.13/turn               (no ring)
MPRegen 0.08/turn               (no ring)

@: no status effects
A: horns 2, retaliatory headbutt
a: no special abilities


You were on level 3 of the Dungeon.
You visited 1 branch of the dungeon, and saw 3 of its levels.

You collected 115 gold pieces.


Innate Abilities, Weirdness & Mutations

You have a pair of horns on your head.
You reflexively headbutt those who attack you in melee.


   Skills:
 - Level 3.6 Fighting
 - Level 5.1 Axes
 - Level 0.8 Throwing
 - Level 3.6 Armour
 + Level 0.1 Dodging
 - Level 3.6 Shields


You had 3 spell levels left.
You didn't know any spells.
Your spell library was empty.

Inventory:

Hand Weapons
 a - a +4 morningstar of venom
 Y - a +0 war axe (weapon)
Missiles
 f - 3 javelins (quivered)
Armour
 b - a +0 scale mail (worn)
 c - a +0 buckler (worn)
Potions
 d - a potion of might
 e - a potion of lignification {unknown}
 g - a potion of mutation {unknown}
 i - a potion of flight {unknown}
 j - a potion of haste {unknown}

Dungeon Overview and Level Annotations

Branches:
Dungeon (3/15)

Altars:


Message History

You block the gnoll's attack. The gnoll hits you with a +0 halberd.
The gnoll shouts!
You slash the gnoll!
The gnoll is almost dead.
You barely miss the gnoll. The gnoll barely misses you.
You barely miss the gnoll.
The gnoll is almost dead.
You hit the gnoll. You block the gnoll's attack.
The gnoll hits you from afar with a +0 halberd!
You hit the gnoll.
The gnoll is almost dead.
You closely miss the gnoll. The gnoll barely misses you.
The gnoll hits you with a +0 club. The gnoll hits you with a +0 whip.
You hit the gnoll.
You kill the gnoll!
You hit the gnoll. The gnoll closely misses you.
The gnoll hits you with a +0 club. The gnoll hits you but does no damage.
The gnoll closely misses you.
An orc comes into view. It is wielding a +0 flail.
The gnoll closely misses you.
You have reached level 4!
You feel agile.
You closely miss the gnoll.
The gnoll is heavily wounded.
You closely miss the quokka.
The orc shouts!
You block the quokka's attack. The gnoll barely misses you.
You block the gnoll's attack.
The gnoll hits you from afar with a +0 spear.
The quokka bites you.
You hit the gnoll.
The gnoll is severely wounded.
You hit the quokka but do no damage. The quokka barely misses you.
You furiously retaliate!
You headbutt the quokka!
You kill the quokka!
A quokka comes into view.
You block the gnoll's attack. The gnoll hits you with a +0 club.
You die...

#.##############..
#.# #.. #.# #..
#.# #.. # #.# #
#.. #.#.# ... #..
#####.#(###.....
#..
........)g...(..
#..
#####.#@#.....#.
#.. #.#g#.###.# .
.g... ##.#.#.#.
#.#.#.#.# . #.#.#
# ## #.#g# r..


You could see 3 gnolls and a quokka (wandering).

Vanquished Creatures
  A gnoll (D:3)
  An adder (D:2)
  5 ball pythons
  3 endoplasms
  A giant cockroach (D:1)
  3 goblins (D:1)
  11 hobgoblins
  3 jackals (D:2)
  5 quokkas
  3 bats (D:1)
  3 frilled lizards
  4 kobolds
  2 rats
45 creatures vanquished.

Notes
Turn   | Place    | Note
-------+----------+-------------------------------------------
     0 | D:1      | qw the Minotaur Fighter began the quest for the Orb.
     0 | D:1      | Reached XP level 1. HP: 19/19 MP: 0/0
     0 | D:1      | 0 ||| qw: Version: 0.1-a-112-g44dc6cd
     0 | D:1      | 0 ||| qw: Game counter: 6851
     0 | D:1      | 0 ||| qw: Always use a shield: true
     0 | D:1      | 0 ||| qw: God list: Ru
     0 | D:1      | 0 ||| qw: Allow faded altars: false
     0 | D:1      | 0 ||| qw: Do Orc after D:15 true
     0 | D:1      | 0 ||| qw: Do second Lair branch before Depths: true
     0 | D:1      | 0 ||| qw: Lair rune preference: random
     0 | D:1      | 0 ||| qw: Plans: Normal
     0 | D:1      | 0 ||| PLANNING D:1-11
    38 | D:1      | 38 ||| Stepping ~*~*~tactically~*~*~ (stealth).
    47 | D:1      | Reached skill level 3 in Axes
    95 | D:1      | Reached XP level 2. HP: 26/26 MP: 1/1
   142 | D:1      | 142 ||| Stepping ~*~*~tactically~*~*~ (stealth).
   154 | D:1      | 154 ||| Stepping ~*~*~tactically~*~*~ (stealth).
   210 | D:1      | Reached skill level 4 in Axes
   490 | D:1      | Reached XP level 3. HP: 31/31 MP: 2/2
   514 | D:1      | 514 ||| READING scroll labelled RIRILEVIZE.
   514 | D:1      | Identified a scroll of acquirement
   514 | D:1      | 514 ||| ACQUIRING +4 morningstar of venom
   514 | D:1      | Acquired a +4 morningstar of venom
   516 | D:1      | 516 ||| DROPPING +0 club.
   517 | D:1      | 517 ||| READING scroll labelled DIXEIC ILEYRPH.
   518 | D:1      | 518 ||| READING scroll labelled JAMAT VOTWAH.
   569 | D:2      | 569 ||| STAIRDANCE
  1240 | D:2      | Reached skill level 5 in Axes
  1405 | D:2      | 1405 ||| DROPPING orb of mayhem.
  1406 | D:2      | 1406 ||| READING 2 scrolls labelled YTINKA FIOCIA.
  1407 | D:2      | 1407 ||| DROPPING scroll of blinking.
  1488 | D:3      | 1488 ||| Stepping ~*~*~tactically~*~*~ (hiding).
  1495 | D:3      | Reached XP level 4. HP: 12/39 MP: 3/3
  1495 | D:3      | HP: 7/39 [gnoll/+0 spear (5)]
  1496 | D:3      | Slain by a gnoll

Levels and vault maps discovered:
D:1:      sevenhm_arrival_forest_fort_small_4, layout_rooms,
          nicolae_figureground_sparkle
D:2:      layout_loops_ring, minmay_tree_intersection
D:3:      layout_basic, minmay_fractal_squares_diagonal_5

Skill      XL: |  1  2  3 |
---------------+----------+-----
Axes           | 3 4 5 |  5.1
Fighting       | |  3.6
Throwing       | |  0.8
Armour         | |  3.6
Dodging        | |  0.1
Shields        | |  3.6

Action                   |  1- 3 |  4- 6 || total
-------------------------+-------+-------++-------
Melee: War axe           |    90 |     2 ||    92
       Headbutt          |    11 |       ||    11
Throw: Javelin           |     1 |       ||     1
  Use: Scroll            |     4 |       ||     4
Armor: Scale mail        |    30 |       ||    30
Dodge: Dodged            |    44 |     2 ||    46
Block: Buckler           |    15 |     3 ||    18

Table legend:
 A = Non-vault XP
 B = Vault XP
 C = Vault XP percentage of total XP
 D = Non-vault monster count
 E = Vault monster count
 F = Vault count percentage of total count
                 A         B        C        D         E       F
            +---------+---------+-------+---------+---------+-------
      Total |     103 |       0 |   0.0 |      45 |       0 |   0.0
            +---------+---------+-------+---------+---------+-------
        D:1 |      45 |       0 |   0.0 |      26 |       0 |   0.0
        D:2 |      41 |       0 |   0.0 |      17 |       0 |   0.0
        D:3 |      17 |       0 |   0.0 |       2 |       0 |   0.0
            +---------+---------+-------+---------+---------+-------
